 Dungeon Crawl Stone Soup version 0.18.1-8-gdd0e5ea (webtiles) character file.

81 Wooh the Ducker (level 4, 0/30 HPs)
             Began as a Halfling Fighter on May 21, 2016.
             Succumbed to an adder's poison
             ... on level 2 of the Dungeon.
             The game lasted 00:04:37 (1115 turns).

Wooh the Ducker (Halfling Fighter)                  Turns: 1115, Time: 00:04:38

Health: 0/30       AC:  6    Str: 13 (16) XL:     4   Next: 68%
Magic:  4/4        EV: 10    Int:  4 (7)  God:
Gold:   95         SH:  9    Dex: 13 (14) Spells: 0 memorised, 3 levels left

rFire  . . .     SeeInvis .     a - +0 long sword
rCold  . . .     Gourm    .     b - +0 scale mail
rNeg   . . .     Faith    .     c - +0 shield
rPois  .         Spirit   .     (no helmet)
rElec  .         Dismiss  .     (no cloak)
rCorr  .         Reflect  .     (no gloves)
SustAt .         Harm     .     (no boots)
MR     .....                    (no amulet)
Stlth  ..........               (no ring)
                                (no ring)

@: lethally poisoned (0 -> -2), not resistant to hostile enchantments, extremely
unstealthy
A: mutation resistance 1
a: no special abilities


You were on level 2 of the Dungeon.
You were not hungry.

You visited 1 branch of the dungeon, and saw 2 of its levels.

You collected 95 gold pieces.

Inventory:

Hand Weapons
 a - a +0 long sword (weapon)
Missiles
 i - a throwing net (quivered)
Armour
 b - a +0 scale mail (worn)
 c - a +0 shield (worn)
Jewellery
 n - an uncursed ring of protection from cold
Potions
 d - a potion of might
Comestibles
 f - a bread ration
 k - 2 meat rations
 l - 5 fruits


   Skills:
 - Level 2.6 Fighting
 - Level 2.0 Long Blades
 - Level 3.2 Armour
 + Level 4.2 Dodging
 - Level 3.2 Shields


You had 3 spell levels left.
You didn't know any spells.

Dungeon Overview and Level Annotations

Branches:
Dungeon (2/15)

Altars:


Innate Abilities, Weirdness & Mutations

You are small and have problems with some larger weapons.
You are somewhat resistant to further mutation.


Message History

Read which item? (? for menu, Esc to quit)
As you read the scroll labeled SOOMNU TEAMIO, it crumbles to dust.
It is a scroll of recharging.
You aren't carrying any rechargeable items.
* * * LOW HITPOINT WARNING * * *
You feel sick.
* * * LOW HITPOINT WARNING * * *
You feel sick.
* * * LOW HITPOINT WARNING * * *
You feel sick.
* * * LOW HITPOINT WARNING * * *
You feel sick.
* * * LOW HITPOINT WARNING * * *
You feel sick.
* * * LOW HITPOINT WARNING * * *
You feel sick.
* * * LOW HITPOINT WARNING * * *
You feel sick.
Found 6 gold pieces.
You die...

#<#.###.##...............##....##
#.#.....########...#####.##.##.#
#.###.#.# #...# #.##.##.#
#.###...# #...# #.......#
#.....### #...# ####.#####
#####.# #...# *** #...... #.#
#...####.#*####.## ## #.# *****
##.......#,,* #.## .####.#
*,,,**#.@.....##*,** #>##
......#**,*,#$.......## **,* #.##
.######,,,#......###..#**,** #...
## *,**##.#....,,...#,,* ####
*,,,#.....#.**.##.#*****
***,#,##..*<#*.#*..,,,,*
*,,,*#..,..,,**,****,*
*,,,*#.#*.#****,****,*
*,*,**,**,*** *,,,,*,*


There were no monsters in sight!

Vanquished Creatures
  4 adders (D:2)
  An ooze (D:1)
  3 dart slugs (D:1)
  3 giant geckos (D:1)
  5 giant cockroaches
  A goblin (D:2)
  4 hobgoblins
  6 bats
  2 giant newts
  A kobold (D:1)
  4 rats
34 creatures vanquished.

Notes
Turn   | Place    | Note
--------------------------------------------------------------
     0 | D:1      | Wooh the Halfling Fighter began the quest for the Orb.
     0 | D:1      | Reached XP level 1. HP: 15/15 MP: 1/1
   119 | D:1      | Reached skill level 1 in Dodging
   228 | D:1      | Reached XP level 2. HP: 20/20 MP: 2/2
   235 | D:1      | Reached skill level 2 in Dodging
   356 | D:1      | Reached XP level 3. HP: 21/25 MP: 3/3
   502 | D:1      | Reached skill level 3 in Dodging
   818 | D:2      | Reached XP level 4. HP: 30/30 MP: 4/4
  1021 | D:2      | Reached skill level 4 in Dodging
  1107 | D:2      | HP: 1/30 [poisoned by an adder]
  1115 | D:2      | Succumbed to an adder's poison

Skill      XL: |  1  2  3  4 |
---------------+-------------+-----
Dodging        | 1 2 3 4 |  4.2
Fighting       | |  2.6
Long Blades    | |  2.0
Armour         | |  3.2
Shields        | |  3.2

Action                   |  1- 3 |  4- 6 || total
-------------------------+-------+-------++-------
Melee: Long sword        |   102 |    36 ||   138
  Use: Scroll            |       |     4 ||     4
       Potion            |       |     2 ||     2
  Eat: Chunk             |       |     1 ||     1
Armor: Scale mail        |    52 |    16 ||    68
Dodge: Dodged            |    63 |    15 ||    78
Block: Shield            |    83 |     9 ||    92
